 Dungeon Crawl Stone Soup version 0.29-a0-617-g7a6b98fccd (webtiles) character file.

Game seed: 14232883395750969077

556 gruber the Changer (level 7, -2/48 HPs)
             Began as a Merfolk Transmuter on June 17, 2022.
             Slain by a phantom (5 damage)
             ... on level 6 of the Dungeon.
             The game lasted 00:03:42 (2974 turns).

gruber the Changer (Merfolk Transmuter)             Turns: 2974, Time: 00:03:43

Health: -2/48      AC:  2    Str: 10    XL:     7   Next: 30%
Magic:  0/10       EV: 22    Int: 15    God:
Gold:   123        SH:  0    Dex: 19    Spells: 6/10 levels left

rFire   . . .      SeeInvis .     - Unarmed
rCold   . . .      Faith    .   (shield currently unavailable)
rNeg    . . .      Spirit   +   (body armour currently unavailable)
rPois   x          Reflect  .   (helmet currently unavailable)
rElec   .          Harm     .   (cloak currently unavailable)
rCorr   .          Rampage  .   (gloves currently unavailable)
Will    +....                   (boots currently unavailable)
Stlth   ++........              d - amulet of guardian spirit
HPRegen 0.16/turn               q - ring of willpower
MPRegen 0.12/turn               (no ring)

@: spider-form
A: venomous fangs, tiny, (nimble swimmer 2), (mertail)
a: End Transformation


You were on level 6 of the Dungeon.
You were a venomous arachnid creature.
You visited 1 branch of the dungeon, and saw 5 of its levels.

You collected 123 gold pieces.

Inventory:

Armour
 a - a +0 robe (melded)
Magical Staves
 u - a staff of earth
Jewellery
 d - an amulet of guardian spirit (around neck)
 q - a ring of willpower (left front leg)
Wands
 v - a wand of paralysis (7)
Scrolls
 g - 3 scrolls of identify {unknown}
 i - a scroll of teleportation {unknown}
 j - a scroll of magic mapping {unknown}
 m - a scroll of fear {unknown}
 n - a scroll of brand weapon {unknown}
 s - a scroll of enchant armour {unknown}
 t - a scroll of poison {unknown}
Potions
 b - a potion of lignification
 c - a potion of brilliance {unknown}
 e - 2 potions of resistance {unknown}
 f - a potion of magic {unknown}
 h - 2 potions of curing {unknown}
 k - 3 potions of heal wounds {unknown}
 l - a potion of attraction {unknown}
 o - a potion of mutation {unknown}
 p - a potion of flight {unknown}
 r - a potion of cancellation {unknown}


   Skills:
 - Level 1.1 Fighting
 * Level 4.3 Dodging
 - Level 5.0 Unarmed Combat
 - Level 2.0 Spellcasting
 - Level 6.8 Transmutations
 - Level 3.9 Poison Magic


You had 6 spell levels left.
You knew the following spells:

 Your Spells              Type           Power      Damage    Failure   Level
a - Beastly Appendage     Tmut           42%        N/A       6%          1
b - Spider Form           Tmut/Pois      17%        N/A       21%         3

Your spell library contained the following spells:

 Spells                   Type           Power      Damage    Failure   Level
 Wereblood                Tmut           21%        N/A       8%          2
 Ice Form                 Ice/Tmut       11%        N/A       71%         4


Dungeon Overview and Level Annotations

Branches:
Dungeon (6/15)
 Temple: D:4-7

Altars:


Innate Abilities, Weirdness & Mutations

You are a venomous arachnid creature.
You have poisonous fangs.
You are tiny and dextrous.
Your spellcasting is less reliable in this form.
Your armour is entirely melded.
You are incapable of wielding weapons or throwing items.
((You are very nimble when in or above water. (Stealth+, EV+, Speed+++)))
((Your lower body shifts to a powerful aquatic tail in water.))


Message History

* * * LOW HITPOINT WARNING * * *
You closely miss the phantom. Your punch misses the phantom.
The phantom hits you but does no damage.
Casting: Spider Form (dangerous; 8% risk of failure)
Confirm with . or Enter, or press ? or * to list all spells.
You turn into a venomous arachnid creature.
Your +0 robe melds into your body.
The phantom closely misses you.
You hit the phantom but do no damage. The phantom closely misses you.
You hit the phantom.
The phantom is lightly damaged.
The phantom closely misses you.
You hit the phantom.
The phantom is moderately damaged.
The phantom closely misses you.
You hit the phantom.
The phantom is moderately damaged.
The phantom completely misses you.
You barely miss the phantom.
The phantom is moderately damaged.
You hit the phantom.
The phantom is heavily damaged.
The phantom hits you.
* * * LOW HITPOINT WARNING * * *
You hit the phantom.
The phantom is heavily damaged.
The phantom closely misses you.
You completely miss the phantom.
The phantom is heavily damaged.
The phantom hits you.
* * * LOW HITPOINT WARNING * * *
The phantom blinks!
You blink.
You barely miss the phantom.
The phantom is heavily damaged.
The phantom hits you.
* * * LOW HITPOINT WARNING * * *
The phantom blinks!
You blink.
You closely miss the phantom.
The phantom is heavily damaged.
The phantom hits you.
You die...

.........#.........####
..........#............
........[..............
............###..).....
......###..###....... #
#.....##....##.......
.# ##.........###...#
... ...............)W##
....
........##....)#s.#...#
...............#.....#
................§.##..#
##........#......§....#
#..##.....#..........##
...
#........#......#... ..
#.......##......# ..
.....#........... . #
..........


You could see a phantom.

Vanquished Creatures
  An ice beast (D:6)
  A sky beast (D:6)
  A phantom (D:6)
  A scorpion (D:6)
  A necrophage (D:6)
  2 orc priests (D:6)
  2 orc wizards (D:6)
  An adder (D:2)
  3 dart slugs
  3 orcs
  6 endoplasms
  4 giant cockroaches
  3 goblins
  3 hobgoblins
  2 jackals (D:1)
  2 quokkas
  4 ball pythons
  4 bats
  3 frilled lizards
  A kobold (D:1)
  3 rats
51 creatures vanquished.

Vanquished Creatures (others)
  2 demonic plants (D:2)
  50 plants
  6 withered plants (D:2)
58 creatures vanquished.

Grand Total: 109 creatures vanquished

Notes
Turn   | Place    | Note
-------+----------+-------------------------------------------
     0 | D:1      | gruber the Merfolk Transmuter began the quest for the Orb.
     0 | D:1      | Reached XP level 1. HP: 15/15 MP: 3/3
   259 | D:1      | Reached XP level 2. HP: 18/21 MP: 1/5
  1095 | D:2      | Reached XP level 3. HP: 25/26 MP: 4/6
  1337 | D:2      | Found a faded altar of an unknown god.
  1446 | D:2      | Reached skill level 5 in Unarmed Combat
  1655 | D:2      | Learned a level 3 spell: Spider Form
  1768 | D:3      | Reached skill level 3 in Transmutations
  2032 | D:3      | Reached XP level 4. HP: 21/32 MP: 0/7
  2184 | D:3      | You fall into a shaft and drop 3 floors!
  2187 | D:6      | Noticed a scorpion
  2203 | D:6      | Killed a scorpion
  2204 | D:6      | Reached skill level 4 in Transmutations
  2204 | D:6      | Reached XP level 5. HP: 31/37 MP: 3/8
  2211 | D:5      | Entered Level 5 of the Dungeon
  2270 | D:6      | Reached skill level 5 in Transmutations
  2469 | D:6      | Noticed a phantom
  2483 | D:6      | Killed a phantom
  2484 | D:6      | Reached skill level 6 in Transmutations
  2484 | D:6      | Reached XP level 6. HP: 26/43 MP: 4/9
  2502 | D:6      | Noticed an ice beast
  2522 | D:6      | Killed an ice beast
  2662 | D:6      | Noticed a steam dragon
  2664 | D:6      | Noticed a sky beast
  2685 | D:6      | Killed a sky beast
  2686 | D:6      | Reached XP level 7. HP: 12/48 MP: 2/10
  2974 | D:6      | Slain by a phantom

Illustrated notes

Levels and vault maps discovered:
D:1:      psy_arrival_basics, layout_basic
D:2:      layout_basic, shapermc_ecumenical_altar_gd, minmay_tripent
D:3:      layout_loops_ring, serial_bayou, serial_bayou_pond_d,
          serial_bayou_ford_a, serial_bayou_pond_a, serial_bayou_lagoon_a,
          minmay_box_of_dots
D:5:      layout_rooms
D:6:      layout_cave_pools, portal_sewer_entry_a, minmay_circle_x, uniq_maggie

Skill      XL: |  1  2  3  4  5  6  7 |
---------------+----------------------+-----
Unarmed Combat | 4 5 |  5.0
Transmutations | 3 4 6 |  6.8
Poison Magic   | 3 |  3.9
Dodging        | 4 |  4.3
Fighting       | |  1.1
Spellcasting   | |  2.0

Action                   |  1- 3 |  4- 6 |  7- 9 || total
-------------------------+-------+-------+-------++-------
Melee: Unarmed           |    92 |    50 |    25 ||   167
       Headbutt          |    15 |     5 |       ||    20
       Punch             |     3 |       |       ||     3
 Cast: Beastly Appendage |    25 |     1 |       ||    26
       Spider Form       |       |     4 |     2 ||     6
 Stab: Sleeping          |     2 |       |       ||     2
Armor: Robe              |    17 |       |     1 ||    18
       Skin              |       |     1 |     1 ||     2
Dodge: Dodged            |    75 |    24 |    13 ||   112

Table legend: (Time is in decaauts)
 A = Elapsed time spent in this place.
 B = Non-inter-level travel time spent in this place.
 C = Inter-level travel time spent in this place.
 D = Time resting spent in this place.
 E = Time spent auto-exploring this place.
 F = Levels seen in this place.
 G = Mean time per level.
                   A        B        C        D        E       F      G
               +--------+--------+--------+--------+--------+-----+--------+
         Total |   2952 |   2883 |     69 |      0 |   2440 |   5 |  590.4 |
       Dungeon |   2952 |   2883 |     69 |      0 |   2440 |   5 |  590.4 |
               +--------+--------+--------+--------+--------+-----+--------+

Top non-repeatable levels by time:
     D:1: 1026 daAuts
     D:6: 781 daAuts
     D:2: 635 daAuts
     D:3: 506 daAuts
     D:5: 1 daAuts
